 Dungeon Crawl Stone Soup version 0.23-a0-808-gd21de94 (webtiles) character file.

209 theslammer the Chopper (level 5, 0/72 HPs)
             Began as a Minotaur Berserker on Jan 21, 2019.
             Was a Believer of Trog.
             Slain by a wight
             ... wielding a +4 morningstar
              (13 damage)
             ... on level 2 of the Dungeon.
             The game lasted 00:06:42 (1596 turns).

theslammer the Chopper (Minotaur Berserker)         Turns: 1596, Time: 00:06:43

Health: 0/72       AC:  6    Str: 32    XL:     5   Next: 55%
Magic:  4/4        EV: 12    Int:  4    God:    Trog [**....]
Gold:   33         SH:  0    Dex: 10    Spells: 4/4 levels left

rFire    + . .     SeeInvis .   a - +1 hand axe
rCold    + . .     Gourm    .   (no shield)
rNeg     . . .     Faith    .   d - +1 ring mail
rPois    +         Spirit   .   (helmet restricted)
rElec    +         Reflect  .   (no cloak)
rCorr    +         Harm     .   (no gloves)
MR       .....                  (no boots)
Stlth    ..........             (no amulet)
HPRegen  0.22/turn              j - +5 ring of strength
MPRegen  0.09/turn              (no ring)

@: berserking, resistant, drained, very quick
A: retaliatory headbutt, horns 2
a: Berserk, Trog's Hand, Renounce Religion


You were on level 2 of the Dungeon.
You worshipped Trog.
Trog was pleased with you.
You were hungry.

You visited 1 branch of the dungeon, and saw 2 of its levels.

You collected 33 gold pieces.

Inventory:

Hand Weapons
 a - a +1 hand axe (weapon)
Armour
 b - a +0 animal skin
 d - a +1 ring mail (worn)
Jewellery
 j - a +5 ring of strength (left hand)
Scrolls
 f - a scroll of enchant weapon
 i - a scroll of teleportation
Comestibles
 c - 2 rations
 h - a chunk of flesh


   Skills:
 + Level 5.0(4.7) Fighting
 + Level 5.2(4.9) Axes
 + Level 4.2(3.9) Armour
 + Level 3.0(2.8) Dodging
 + Level 0.2(0.0) Stealth


You had 4 spell levels left.
You didn't know any spells.
Your spell library was empty.

Dungeon Overview and Level Annotations

Branches:
Dungeon (2/15)

Altars:
Fedhas
Kikubaaqudgha
Yredelemnul

Annotations:
D:2 1 transporter


Innate Abilities, Weirdness & Mutations

You reflexively headbutt those who attack you in melee.
You have a pair of horns on your head.


Message History

You have reached level 5!
You slash the adder skeleton!
You destroy the adder skeleton!
Trog accepts your kill.
You hit the wight but do no damage.
The wight hits you with a +4 morningstar.
* * * LOW HITPOINT WARNING * * *
You feel drained.
* * * LOW HITPOINT WARNING * * *
You slash the wight!
The wight is heavily damaged.
You barely miss the wight. Your headbutt misses the wight.
The wight is heavily damaged.
The wight misses you.
You closely miss the wight. Your headbutt misses the wight.
The wight is heavily damaged.
You hit the wight but do no damage.
The wight is heavily damaged.
The wight hits you with a +4 morningstar!
You die...

#.#############.........#
#.#.[$_=⌠[_$[.#.#########
#.#...........#........#
#.#..##...##..#........#
#.#..#8..M8#..#........#
#.#..##...##..#........#
#.#.....©...(.#........#
#.#..##.z.##..#........##
#.#..#8.@.8#..#..........
#.#..##...##..#.###..####
#.#...........#........##
#.#$.........©#..##..)...
#.#############.......... ######
#.......©..............## .....#
########...####.#.........
####.###.### ##..####.#.........
####.#..#..######......####.#####


You could see a mummy and a wight.

Vanquished Creatures
  Menkaure (D:2)
  3 adders (D:2)
  2 oozes
  An adder skeleton (D:2)
  A worm (D:2)
  3 dart slugs
  6 bats
  2 giant cockroaches (D:1)
  A goblin (D:2)
  5 hobgoblins
  4 jackals (D:2)
  A ball python skeleton (D:2)
  3 frilled lizards
  4 kobolds
  6 rats
43 creatures vanquished.

Notes
Turn   | Place    | Note
-------+----------+-------------------------------------------
     0 | D:1      | theslammer the Minotaur Berserker began the quest for the
                  | Orb.
     0 | D:1      | Reached XP level 1. HP: 19/19 MP: 0/0
   151 | D:1      | Reached XP level 2. HP: 27/27 MP: 1/1
   720 | D:2      | Found a transporter.
   720 | D:2      | Noticed a wight
   722 | D:2      | Found a transporter.
   738 | D:2      | Reached XP level 3. HP: 29/34 MP: 2/2
   746 | D:2      | Reached ** piety under Trog
   802 | D:2      | Found a basalt altar of Yredelemnul.
   802 | D:2      | Noticed Menkaure
   804 | D:2      | Found an ancient bone altar of Kikubaaqudgha.
  1246 | D:2      | Reached XP level 4. HP: 37/41 MP: 3/3
  1481 | D:2      | Found a blossoming altar of Fedhas.
  1592 | D:2      | Killed Menkaure
  1592 | D:2      | Reached skill level 5 in Fighting
  1592 | D:2      | Reached skill level 5 in Axes
  1592 | D:2      | Reached XP level 5. HP: 15/48 MP: 4/4
  1596 | D:2      | Slain by a wight

Vault maps used:
D:1:      lightli_arrival_noodles
D:2:      marbit_many_paths, gammafunk_temple_of_torment

Skill      XL: |  1  2  3  4 |
---------------+-------------+-----
Fighting       | 4 5 |  5.0
Axes           | 4 5 |  5.2
Armour         | 3 4 |  4.2
Dodging        | 3 |  3.0
Stealth        | |  0.2

Action                   |  1- 3 |  4- 6 || total
-------------------------+-------+-------++-------
Melee: Hand axe          |    93 |    16 ||   109
       Headbutt          |    14 |     1 ||    15
Invok: Berserk           |     1 |     1 ||     2
  Use: Scroll            |     5 |     2 ||     7
       Potion            |     2 |     1 ||     3
  Eat: Chunk             |     2 |     1 ||     3
Armor: Ring mail         |    52 |     3 ||    55
Dodge: Dodged            |    55 |     9 ||    64

Table legend:
 A = Non-vault XP
 B = Vault XP
 C = Vault XP percentage of total XP
 D = Non-vault monster count
 E = Vault monster count
 F = Vault count percentage of total count
                 A         B        C        D         E       F
            +---------+---------+-------+---------+---------+-------
      Total |     116 |     183 |  61.2 |      39 |       4 |   9.3
            +---------+---------+-------+---------+---------+-------
        D:1 |      31 |       0 |   0.0 |      15 |       0 |   0.0
        D:2 |      85 |     183 |  68.3 |      24 |       4 |  14.3
            +---------+---------+-------+---------+---------+-------
